[Event "Klatovy Open-C 2024"]
[Site "Klatovy"]
[Date "2024.07.05"]
[Round "7.1"]
[White "Navratil, Jiri"]
[Black "Kopta, Pavel"]
[Result "1/2-1/2"]
[ECO "A30"]
[WhiteElo "2058"]
[BlackElo "2193"]
[Annotator "RC"]
[PlyCount "41"]
[EventDate "2024.06.21"]
[EventType "swiss"]
[EventCountry "CZE"]
[SourceTitle "playchess.com"]
[Source "ChessBase"]
[SourceQuality "1"]
[TimeControl "40/7200:0"]

1. d4 Nf6 2. Nf3 c5 3. e3 e6 4. Be2 Be7 5. O-O O-O 6. c4 Qc7 7. Nc3 a6 8. b3 b6 9. Bb2 Bb7 10. Rc1 d6 11. d5 exd5 12. Nxd5 Nxd5 13. cxd5 Nd7 14. e4 Rae8 15. Bd3 Bf6 16. Qc2 Bxb2 17. Qxb2 b5 18. a4 Qb6 19. axb5 axb5 20. Qc2 Nf6 21. Rfe1 1/2-1/2

[Event "Klatovy Open-C 2024"]
[Site "Klatovy"]
[Date "2024.07.05"]
[Round "7.3"]
[White "Korsa, Jindrich"]
[Black "Danko, Jiri"]
[Result "1-0"]
[ECO "C62"]
[WhiteElo "2036"]
[BlackElo "1954"]
[Annotator "NA RC"]
[PlyCount "78"]
[EventDate "2024.06.21"]
[EventType "swiss"]
[EventCountry "CZE"]
[SourceTitle "playchess.com"]
[Source "ChessBase"]
[SourceQuality "1"]
[TimeControl "40/7200:0"]

1. e4 e5 2. Nf3 Nc6 3. Nc3 Nf6 4. Bb5 d6 5. d4 exd4 6. Nxd4 Bd7 7. O-O Nxd4 8. Bxd7+ Qxd7 9. Qxd4 Be7 10. b3 O-O 11. Bb2 Qe6 12. Nd5 Bd8 13. Rfe1 Re8 14. c4 a5 15. Rad1 a4 16. b4 Rc8 17. Re3 c5 18. bxc5 dxc5 19. Qc3 Kf8 20. f3 Qa6 21. e5 Nxd5 22. cxd5 b5 23. e6 Bf6 24. Qc2 Bxb2 25. Qxb2 Qd6 26. Qc2 g6 27. Qb2 Kg8 28. exf7+ Kxf7 29. Rxe8 Rxe8 30. Qxb5 Rc8 31. Qxa4 c4 32. Qa7+ Rc7 33. Qd4 c3 34. Rc1 c2 35. Qd3 Qc5+ 36. Kf1 Ke7 37. d6+ Qxd6 38. Qxd6+ Kxd6 39. Ke2 Ke7 1-0

[Event "Klatovy Open-C 2024"]
[Site "Klatovy"]
[Date "2024.07.05"]
[Round "7.4"]
[White "Zahorbensky, Jaroslav"]
[Black "Novotny, Jaroslav"]
[Result "1-0"]
[ECO "B52"]
[WhiteElo "2032"]
[BlackElo "2172"]
[Annotator "RC"]
[PlyCount "111"]
[EventDate "2024.06.21"]
[EventType "swiss"]
[EventCountry "CZE"]
[SourceTitle "playchess.com"]
[Source "ChessBase"]
[SourceQuality "1"]
[TimeControl "40/7200:0"]

1. e4 c5 2. Nf3 d6 3. Bb5+ Bd7 4. Bxd7+ Nxd7 5. c4 Ngf6 6. Nc3 g6 7. d3 Bg7 8. Bg5 O-O 9. Qd2 a6 10. O-O Re8 11. Ne1 Nf8 12. Nc2 Ne6 13. Bh6 Bh8 14. h3 Nd4 15. Nxd4 cxd4 16. Ne2 e5 17. Bg5 Qc7 18. f4 Nd7 19. f5 f6 20. Bh4 Bg7 21. fxg6 hxg6 22. g4 Rf8 23. Rf3 Rf7 24. Raf1 Raf8 25. Be1 Nc5 26. Qc1 Qd7 27. Ng3 Kh7 28. Bd2 b6 29. Kg2 Ne6 30. R1f2 Kg8 31. b3 Kh7 32. Kh2 Kg8 33. Qf1 a5 34. Kg2 Qe7 35. h4 Qd7 36. h5 g5 37. Nf5 Nf4+ 38. Bxf4 gxf4 39. Rh3 Kh7 40. h6 Bh8 41. Kf3 Rg8 42. Qc1 Qc6 43. Qa3 Rd7 44. Rb2 Ra8 45. Qa4 Rc8 46. Rh1 Ra7 47. Rhb1 b5 48. Qxb5 Qxb5 49. cxb5 Rc3 50. Ke2 Kg6 51. Rd2 Kg5 52. Nxd6 Rd7 53. Nf5 Kxg4 54. Rg1+ Kh5 55. Kd1 Rdc7 56. Rh2# 1-0

[Event "Klatovy Open-C 2024"]
[Site "Klatovy"]
[Date "2024.07.05"]
[Round "7.5"]
[White "Zidu, Jan"]
[Black "Ondrejat, Miroslav"]
[Result "1/2-1/2"]
[ECO "B27"]
[WhiteElo "1905"]
[BlackElo "1940"]
[Annotator "NA RC"]
[PlyCount "162"]
[EventDate "2024.06.21"]
[EventType "swiss"]
[EventCountry "CZE"]
[SourceTitle "playchess.com"]
[Source "ChessBase"]
[SourceQuality "1"]
[TimeControl "40/7200:0"]

1. e4 c5 2. Nc3 g6 3. d4 cxd4 4. Qxd4 Nf6 5. Nf3 Nc6 6. Qa4 Bg7 7. e5 Ng8 8. Bf4 Nh6 9. h3 O-O 10. Bb5 Kh8 11. O-O-O Ng8 12. Rhe1 e6 13. Ne4 h6 14. Nd6 f5 15. h4 a6 16. Rd3 Rb8 17. Bxc6 bxc6 18. Rb3 Rxb3 19. Qxb3 Qc7 20. Nc4 Ne7 21. Bd2 c5 22. Qb6 Qxb6 23. Nxb6 Nd5 24. Nxc8 Rxc8 25. c4 Ne7 26. g3 Kg8 27. Bc3 Kf7 28. Rd1 Ke8 29. Ne1 Nc6 30. f4 Bf8 31. Nf3 Kd8 32. b3 Kc7 33. h5 gxh5 34. Rh1 Ne7 35. Rxh5 Nc6 36. Rh4 Ne7 37. Rh2 Nc6 38. Kd2 Rd8 39. Ke3 Rb8 40. Nh4 d5 41. exd6+ Bxd6 42. Ng6 Rg8 43. Rxh6 Kb6 44. Kf3 a5 45. Ne5 Bxe5 46. fxe5 Re8 47. a3 Nd4+ 48. Bxd4 cxd4 49. b4 axb4 50. axb4 Kc6 51. Ke2 Kd7 52. Kd3 Rg8 53. Kxd4 Rxg3 54. Kc5 Rd3 55. Rh7+ Ke8 56. Rh4 Re3 57. Kd6 Re4 58. Rh8+ Kf7 59. Rh7+ Kg8 60. Rc7 f4 61. b5 f3 62. b6 Rd4+ 63. Kxe6 Rd8 64. Ra7 Rc8 65. b7 Rb8 66. Ra2 Rxb7 67. Rf2 Rf7 68. c5 Kf8 69. Kd6 Ke8 70. e6 Rf4 71. c6 Rd4+ 72. Kc5 Rd3 73. c7 Rc3+ 74. Kd6 Rd3+ 75. Kc6 Rc3+ 76. Kb7 Rb3+ 77. Kc6 Rc3+ 78. Kd6 Rd3+ 79. Ke5 Rc3 80. Rxf3 Rxc7 81. Rh3 Rc1 1/2-1/2

[Event "Klatovy Open-C 2024"]
[Site "Klatovy"]
[Date "2024.07.05"]
[Round "7.6"]
[White "Hlavac, Rudolf"]
[Black "Berka, Lubos"]
[Result "1-0"]
[ECO "B15"]
[WhiteElo "1927"]
[BlackElo "1835"]
[Annotator "NA RC"]
[PlyCount "88"]
[EventDate "2024.06.21"]
[EventType "swiss"]
[EventCountry "CZE"]
[SourceTitle "playchess.com"]
[Source "ChessBase"]
[SourceQuality "1"]
[TimeControl "40/7200:0"]

1. e4 c6 2. d4 d5 3. Nc3 dxe4 4. Nxe4 Nf6 5. Nxf6+ exf6 6. c3 Bd6 7. Bd3 O-O 8. Ne2 Qc7 9. Qc2 g6 10. h3 Re8 11. O-O f5 12. c4 b6 13. c5 bxc5 14. dxc5 Be5 15. Bd2 f4 16. f3 Nd7 17. Rad1 Nf6 18. b4 Nd5 19. a4 Be6 20. Rb1 Qc8 21. Be4 g5 22. b5 h5 23. Rf2 g4 24. fxg4 hxg4 25. hxg4 Ne3 26. Bxe3 fxe3 27. Rf3 Bd5 28. Bxd5 cxd5 29. Rbf1 Re7 30. Rf5 f6 31. g5 Rh7 32. Nf4 Qc7 33. gxf6 Bd4 34. Qe2 Re8 35. Rg5+ Kf7 36. Rg7+ Rxg7 37. fxg7 Kg8 38. Kh1 Qxg7 39. c6 Re4 40. g3 Re7 41. Kg2 Re5 42. Qf3 Rf5 43. Qe2 Rg5 44. Rf3 Qh7 1-0

[Event "Klatovy Open-C 2024"]
[Site "Klatovy"]
[Date "2024.07.05"]
[Round "7.7"]
[White "Kriha, Pavel"]
[Black "Mlynek, Petr"]
[Result "0-1"]
[ECO "D31"]
[WhiteElo "1877"]
[BlackElo "1969"]
[Annotator "NA RC"]
[PlyCount "72"]
[EventDate "2024.06.21"]
[EventType "swiss"]
[EventCountry "CZE"]
[SourceTitle "playchess.com"]
[Source "ChessBase"]
[SourceQuality "1"]
[TimeControl "40/7200:0"]

1. c4 c6 2. Nc3 d5 3. d4 e6 4. Nf3 dxc4 5. a4 Bb4 6. Bd2 b5 7. axb5 Bxc3 8. Bxc3 cxb5 9. e3 Qb6 10. Ba5 Qb7 11. b3 cxb3 12. Qxb3 a6 13. Be2 Nc6 14. Bd2 Nf6 15. O-O O-O 16. Rfc1 Bd7 17. Bd3 Rfc8 18. e4 Ne7 19. Re1 Bc6 20. Bb4 Ng6 21. Nd2 Qd7 22. Bc3 Bb7 23. Re3 Rc7 24. Qb2 Nf4 25. Bf1 Rac8 26. g3 N4d5 27. exd5 Nxd5 28. Ne4 Nxe3 29. Nc5 Rxc5 30. dxc5 Nxf1 31. Bxg7 Nd2 32. Bh6 Nf3+ 33. Kg2 e5 34. Ra3 Qc6 35. Be3 Nd2+ 36. Kh3 Nc4 0-1

[Event "Klatovy Open-C 2024"]
[Site "Klatovy"]
[Date "2024.07.05"]
[Round "7.8"]
[White "Vavrinek, Tomas"]
[Black "Fiser, Jiri"]
[Result "1/2-1/2"]
[ECO "A85"]
[WhiteElo "1827"]
[BlackElo "2134"]
[Annotator "RC"]
[PlyCount "113"]
[EventDate "2024.06.21"]
[EventType "swiss"]
[EventCountry "CZE"]
[SourceTitle "playchess.com"]
[Source "ChessBase"]
[SourceQuality "1"]
[TimeControl "40/7200:0"]

1. d4 f5 2. c4 Nf6 3. Nc3 g6 4. Nf3 Bg7 5. e3 d6 6. Be2 O-O 7. O-O e6 8. b4 a5 9. b5 Nbd7 10. a4 b6 11. Bb2 Qe7 12. Qc2 Bb7 13. Rad1 h6 14. Nd2 g5 15. Bf3 Bxf3 16. Nxf3 Nh5 17. d5 e5 18. e4 g4 19. Ne1 f4 20. g3 Rf7 21. Ng2 Bf6 22. Bc1 Bg5 23. Bd2 Raf8 24. Rde1 Ng7 25. Qc1 Nc5 26. Qc2 h5 27. Bc1 h4 28. gxf4 exf4 29. Rd1 Nh5 30. e5 dxe5 31. Qg6+ Ng7 32. d6 Qf6 33. Qxf6 Bxf6 34. dxc7 Rxc7 35. Nd5 Rb7 36. Ba3 h3 37. Ne1 Nge6 38. Nd3 Kf7 39. Nxb6 Rxb6 40. Nxc5 Rg8 41. Nd7 Rb7 42. Nxf6 Kxf6 43. c5 Nd4 44. c6 Rbg7 45. Bc5 Ne2+ 46. Kh1 Nc3 47. Rd6+ Kf5 48. Bb6 Nxa4 49. Bxa5 Ra8 50. Bd8 Ke4 51. Re1+ Kf3 52. Rd3+ Kxf2 53. Rxe5 g3 54. Rd2+ Kf1 55. Rd1+ Kf2 56. Rd2+ Kf1 57. Rd1+ 1/2-1/2

[Event "Klatovy Open-C 2024"]
[Site "Klatovy"]
[Date "2024.07.05"]
[Round "7.10"]
[White "Novotny, Jaromir"]
[Black "Vachal, Josef"]
[Result "1/2-1/2"]
[ECO "C11"]
[WhiteElo "1788"]
[BlackElo "2099"]
[Annotator "NA RC"]
[PlyCount "35"]
[EventDate "2024.06.21"]
[EventType "swiss"]
[EventCountry "CZE"]
[SourceTitle "playchess.com"]
[Source "ChessBase"]
[SourceQuality "1"]
[TimeControl "40/7200:0"]

1. e4 e6 2. d4 d5 3. Nc3 Nf6 4. e5 Nfd7 5. f4 c5 6. Nf3 Nc6 7. Bb5 Qb6 8. Bxc6 bxc6 9. Na4 Qa5+ 10. c3 cxd4 11. Nxd4 c5 12. Nf3 Ba6 13. Bd2 Qc7 14. b3 Rb8 15. Kf2 Be7 16. Re1 Bb5 17. Nb2 O-O 18. Kg1 1/2-1/2